 Dungeon Crawl Stone Soup version 0.26.1-11-gd32895ea62 (webtiles) character file.

Game seed: 3535928912046167501

37 Zeld the Cudgeller (level 3, -1/30 HPs)
             Began as a Draconian Gladiator on June 12, 2021.
             Killed from afar by a white imp (7 damage)
             ... with a puff of frost
             ... summoned by Natasha
             ... on level 1 of the Dungeon.
             The game lasted 00:01:10 (1412 turns).

Zeld the Cudgeller (Draconian Gladiator)            Turns: 1412, Time: 00:01:10

Health: -1/30      AC:  5    Str: 17    XL:     3   Next: 21%
Magic:  3/3        EV: 13    Int:  8    God:
Gold:   78         SH:  0    Dex: 12    Spells: 2/2 levels left

rFire    . . .     SeeInvis .   a - +0 flail
rCold    . . .     Faith    .   (no shield)
rNeg     . . .     Spirit   .   (armour unavailable)
rPois    .         Reflect  .   b - +0 hat
rElec    .         Harm     .   (no cloak)
rCorr    .         Rampage  .   (no gloves)
Will     .....                  (no boots)
Stlth    +.........             (no amulet)
HPRegen  0.10/turn              (no ring)
MPRegen  0.08/turn              (no ring)

@: no status effects
A: unfitting armour, cold-blooded, AC +5
a: no special abilities


You were on level 1 of the Dungeon.
You visited 1 branch of the dungeon, and saw 2 of its levels.

You collected 78 gold pieces.

Inventory:

Hand Weapons
 a - a +0 flail (weapon)
Missiles
 c - 3 throwing nets (quivered)
 d - 76 stones
Armour
 b - a +0 hat (worn)
Scrolls
 e - 4 scrolls of remove curse {unknown}
 f - a scroll of teleportation {unknown}
 i - a scroll of random uselessness {unknown}
Potions
 g - 2 potions of degeneration {unknown}
 h - a potion of mutation {unknown}
 j - a potion of heal wounds {unknown}
 k - a potion of brilliance {unknown}


   Skills:
 + Level 2.6 Fighting
 * Level 3.4 Maces & Flails
 * Level 2.4 Throwing
 + Level 2.9 Dodging


You had 2 spell levels left.
You didn't know any spells.
Your spell library was empty.

Dungeon Overview and Level Annotations

Branches:
Dungeon (2/15)

Altars:
Elyvilon
Ru
The Shining One

Annotations:
D:1 Natasha


Innate Abilities, Weirdness & Mutations

Your plain brown scales are hard. (AC +5)
You cannot fit into any form of body armour.
You are cold-blooded and may be slowed by cold attacks.


Message History

Natasha misses you.
The white imp shouts, "Slither home, thou pottle-deep weeb-spouting socdollager!"
The white imp hits you but does no damage.
Items here: ))) †.
You barely miss Natasha. You tail-slap Natasha.
Natasha is lightly wounded.
Natasha claws you but does no damage. The white imp gestures at you.
The puff of frost misses you.
You closely miss Natasha.
Natasha is lightly wounded.
Natasha claws you! The white imp misses you.
Natasha stares at you and mumbles some strange words.
The magic dart hits you!
* * * LOW HITPOINT WARNING * * *
You barely miss Natasha.
Your tail-slap misses Natasha.
Natasha is lightly wounded.
The white imp gestures at you. The puff of frost hits you!
You die...

.#.##.# #........#
##....# #........#
#############........#
............#........#
.##.........#........#
.##.........##.#.#####
###.........##...#
#.........###.5#
#.........###h@#
#............)>#
######'#############
#.......#.......#
#....##.#.....#.###
#.............#...#
##...#)#.##....###.#
#....#.#.##........#
####.....###.#######


You could see Natasha and a white imp (summoned).

Vanquished Creatures
  2 dart slugs (D:1)
  A giant cockroach (D:1)
  10 goblins
  4 hobgoblins
  4 jackals (D:1)
  A kobold (D:1)
  2 bats (D:1)
  A frilled lizard (D:1)
  3 rats (D:1)
28 creatures vanquished.

Notes
Turn   | Place    | Note
-------+----------+-------------------------------------------
     0 | D:1      | Zeld the Draconian Gladiator began the quest for the Orb.
     0 | D:1      | Reached XP level 1. HP: 17/17 MP: 1/1
   357 | D:1      | Reached XP level 2. HP: 23/25 MP: 2/2
   826 | D:2      | Found a glowing golden altar of the Shining One.
   827 | D:2      | Found a white marble altar of Elyvilon.
   830 | D:2      | Found a sacrificial altar of Ru.
   833 | D:2      | Noticed Natasha
  1103 | D:1      | Reached XP level 3. HP: 20/30 MP: 3/3
  1412 | D:1      | Killed from afar by a white imp

Illustrated notes

Levels and vault maps discovered:
D:1:      dpeg_arrival_rhombus, layout_basic
D:2:      layout_rooms, chequers_temple_overflow_statue_of_worship,
          uniq_natasha, uniq_robin, uniq_sigmund

Skill      XL: |  1 |
---------------+----+-----
Throwing       | 2 |  2.4
Fighting       | |  2.6
Maces & Flails | |  3.4
Dodging        | |  2.9

Action                   || total
-------------------------++-------
Melee: Flail             ||    84
       Tailslap          ||     6
Armor: Skin              ||    39
Dodge: Dodged            ||   104
